 Dungeon Crawl Stone Soup version 0.21.1-1-g345015fe64 (webtiles) character file.

77 Fymir27 the Caller (level 4, -2/26 HPs)
             Began as a Tengu Summoner on June 1, 2018.
             Slain by a river rat (7 damage)
             ... in a sewer.
             The game lasted 00:08:53 (2187 turns).

Fymir27 the Caller (Tengu Summoner)                 Turns: 2187, Time: 00:08:54

Health: -2/26      AC:  5    Str:  9    XL:     4   Next: 34%
Magic:  5/17       EV: 19    Int: 16    God:
Gold:   52         SH:  0    Dex: 19    Spells: 3/7 levels left

rFire    + . .     SeeInvis .   m - +0 whip
rCold    + . .     Gourm    .   (no shield)
rNeg     . . .     Faith    .   a - +0 robe
rPois    +         Spirit   .   (helmet restricted)
rElec    +         Reflect  .   (no cloak)
rCorr    +         Harm     .   (no gloves)
MR       .....                  (boots unavailable)
Stlth    +++.......             (no amulet)
HPRegen  0.08/turn              o - ring of magical power
MPRegen  0.15/turn              (no ring)

@: agile, resistant
A: beak, talons 3, rugged brown scales 1, thin metallic scales 1
a: no special abilities


You were in a sewer.
You were not hungry.

You visited 1 branch of the dungeon, and saw 3 of its levels.
You also visited: Sewer.

You collected 52 gold pieces.

Inventory:

Hand Weapons
 g - a +0 hunting sling
 m - a +0 whip (weapon)
Missiles
 i - 19 poisoned needles
 j - 45 stones (quivered)
 t - 23 bolts
Armour
 a - a +0 robe (worn)
 s - a +0 buckler
Jewellery
 o - a ring of magical power (left hand)
Scrolls
 d - 2 scrolls of teleportation {unknown}
 e - a scroll of blinking {unknown}
 f - a scroll of magic mapping {unknown}
 h - a scroll of enchant weapon {unknown}
 p - 3 scrolls of identify {unknown}
Potions
 q - a potion of mutation
Books
 b - a book of Callings

   Spells                             Type                      Level
   a - Summon Small Mammal            Summoning                    1
   b - Call Imp                       Summoning                    2
   c - Call Canine Familiar           Summoning                    3
   d - Summon Guardian Golem          Hexes/Summoning              3
   e - Summon Lightning Spire         Summoning/Air                4
   f - Summon Ice Beast               Ice/Summoning                4
Comestibles
 c - 3 rations
 r - 3 chunks of flesh


   Skills:
 + Level 1.8 Fighting
 + Level 3.2 Dodging
 - Level 2.0 Stealth
 * Level 0.5 Shields
 - Level 2.0 Spellcasting
 * Level 5.6 Summonings


You had 3 spell levels left.
You knew the following spells:

 Your Spells              Type           Power        Failure   Level  Hunger
a - Summon Small Mammal   Summ           ###.         1%          1    #......
b - Call Canine Familiar  Summ           ###.....     6%          3    ###....


Dungeon Overview and Level Annotations

Branches:
Dungeon (3/15)

Altars:
Uskayaw


Innate Abilities, Weirdness & Mutations

You have a beak for a mouth.
You have claws for feet.
You are partially covered in rugged brown scales. (AC +1, +3% HP)
You are partially covered in thin metallic scales. (AC +2)


Message History

Your hound bites the river rat.
The river rat dies!
The river rat closely misses you.
Your quokka bites the river rat but does no damage.
The river rat completely misses you.
You hit the river rat. Your kick misses the river rat.
The river rat is moderately wounded.
Your quokka closely misses the river rat.
The rat bites your hound. The river rat completely misses you.
You hit the river rat. Your peck misses the river rat.
The river rat is heavily wounded.
Your quokka closely misses the river rat.
Your quokka barely misses the river rat.
The rat closely misses your hound. The river rat bites you.
* * * LOW HITPOINT WARNING * * *
You closely miss the river rat. You peck the river rat.
The river rat is severely wounded.
Your quokka barely misses the river rat.
The rat bites your hound. The river rat bites you!
You die...

###
#.#
#.#
#.#
#r#
#r#
#@#
#h#
#r#
#r#
#.#
#.#
#.#
#.#
#≈#


You could see a river rat, 2 rats, a friendly hound and a friendly quokka.

Vanquished Creatures
  An ooze (D:2)
  An orc (D:2)
  4 giant cockroaches
  6 goblins
  2 hobgoblins (D:2)
  A jackal (D:2)
  A quokka (D:2)
  6 bats
  2 frilled lizards
  A kobold (D:3)
  A rat (D:2)
26 creatures vanquished.

Vanquished Creatures (collateral kills)
  A worker ant (D:2)
  2 adders
  2 river rats
  2 leopard geckos (D:1)
  A giant cockroach (D:3)
  2 goblins
  5 hobgoblins
  2 quokkas (D:2)
  A ball python (D:1)
  A kobold (D:2)
  3 rats
22 creatures vanquished.

Grand Total: 48 creatures vanquished

Notes
Turn   | Place    | Note
-------+----------+-------------------------------------------
     0 | D:1      | Fymir27 the Tengu Summoner began the quest for the Orb.
     0 | D:1      | Reached XP level 1. HP: 10/10 MP: 4/4
   325 | D:1      | Reached skill level 5 in Summonings
   581 | D:1      | Reached XP level 2. HP: 16/16 MP: 3/6
   983 | D:2      | Reached skill level 1 in Fighting
  1323 | D:2      | Reached XP level 3. HP: 17/20 MP: 2/7
  1363 | D:2      | Learned a level 3 spell: Call Canine Familiar
  1589 | D:2      | Found a hide-covered altar of Uskayaw.
  1951 | D:3      | Reached XP level 4. HP: 14/26 MP: 4/8
  2151 | D:3      | Found a glowing drain.
  2161 | Sewer    | Entered a sewer
  2178 | Sewer    | Gained mutation: You are partially covered in thin metallic scales. (AC +2) [potion of mutation]
  2178 | Sewer    | Gained mutation: You are partially covered in rugged brown scales. (AC +1, +3% HP) [potion of mutation]
  2187 | Sewer    | Slain by a river rat

Skill      XL: |  1  2  3 |
---------------+----------+-----
Summonings     | 5 |  5.6
Fighting       | 1 |  1.8
Dodging        | 3 |  3.2
Stealth        | |  2.0
Shields        | |  0.5
Spellcasting   | |  2.0

Action                   |  1- 3 |  4- 6 || total
-------------------------+-------+-------++-------
Melee: Unarmed           |    46 |       ||    46
       Kick              |    15 |     4 ||    19
       Peck              |     5 |     3 ||     8
       Whip              |    22 |    16 ||    38
 Cast: Summon Small Mamm |    52 |    11 ||    63
       Call Canine Famil |     6 |     3 ||     9
  Use: Potion            |       |     4 ||     4
 Stab: Sleeping          |     6 |       ||     6
       Distracted        |     1 |       ||     1
  Eat: Chunk             |     5 |     1 ||     6
Armor: Robe              |    20 |     1 ||    21
Dodge: Dodged            |    57 |    18 ||    75
